 Dungeon Crawl Stone Soup version 0.21.0-3-g78d12a8 (webtiles) character file.

305 myopia the Cudgeler (level 6, 0/70 HPs)
             Began as a Demonspawn Berserker on Jan 8, 2018.
             Was a Priest of Trog.
             Slain by Menkaure (9 damage)
             ... on level 4 of the Dungeon.
             The game lasted 00:14:52 (2651 turns).

myopia the Cudgeler (Demonspawn Berserker)          Turns: 2651, Time: 00:14:52

Health: 0/70       AC:  5    Str: 22    XL:     6   Next: 16%
Magic:  0/6        EV: 12    Int:  9    God:    Trog [***...]
Gold:   148        SH:  0    Dex: 14    Spells: 5/5 levels left

rFire    . . .     SeeInvis .   a - +0 mace
rCold    . . .     Gourm    .   (no shield)
rNeg     . . .     Faith    .   b - +0 animal skin
rPois    .         Spirit   +   (no helmet)
rElec    .         Reflect  .   (no cloak)
rCorr    .         Harm     .   (no gloves)
MR       .....                  p - +1 pair of boots
Stlth    ..........             (no amulet)
HPRegen  0.21/turn              j - +1 ring of protection
MPRegen  0.10/turn              (no ring)

@: berserking, very quick
A: magic shield, rot immunity
a: Berserk, Trog's Hand, Burn Spellbooks, Renounce Religion


You were on level 4 of the Dungeon.
You worshipped Trog.
Trog was most pleased with you.
You were hungry.

You visited 1 branch of the dungeon, and saw 4 of its levels.

You collected 148 gold pieces.

Inventory:

Hand Weapons
 a - a +0 mace (weapon)
Missiles
 i - 8 curare-tipped needles
Armour
 b - a +0 animal skin (worn)
 p - a +1 pair of boots (worn)
Jewellery
 j - a +1 ring of protection (left hand)
 v - an uncursed amulet of rage
Wands
 n - a wand of random effects (17)
 o - a wand of digging (13)
Scrolls
 d - a scroll of blinking {unknown}
 e - 5 scrolls of identify {unknown}
 g - 2 scrolls of enchant weapon {unknown}
 l - a scroll of immolation {unknown}
 m - a scroll of teleportation {unknown}
 s - a scroll of remove curse {unknown}
Potions
 f - a potion of mutation {unknown}
 h - 2 potions of agility {unknown}
 k - a potion of curing {unknown}
 q - a potion of might {unknown}
 r - a potion of lignification {unknown}
 t - a potion of magic {unknown}
Comestibles
 c - 7 rations
 u - a chunk of flesh


   Skills:
 - Level 3.0 Fighting
 + Level 6.3 Maces & Flails
 - Level 1.7 Armour
 - Level 1.7 Dodging


You had 5 spell levels left.
You didn't know any spells.

Dungeon Overview and Level Annotations

Branches:
Dungeon (4/15)
 Temple: D:4-7

Altars:
Cheibriados
Kikubaaqudgha
Nemelex Xobeh
Vehumet

Annotations:
D:2 Robin
D:4 Menkaure


Innate Abilities, Weirdness & Mutations

When hurt, damage is shared between your health and your magic reserves.
You are immune to rotting.


Message History

* * * LOW HITPOINT WARNING * * *
The scorpion convulses!
An orc comes into view. It is wielding a falchion.
The orc shouts!
An orc comes into view. It is wielding a short sword.
The orc shouts!
You thump the scorpion!
You kill the scorpion!
Trog accepts your kill.
A giant cockroach comes into view.
Menkaure hits you.
* * * LOW HITPOINT WARNING * * *
You sock Menkaure!
Menkaure is heavily damaged.
Menkaure hits you!
* * * LOW HITPOINT WARNING * * *
You hit Menkaure.
Menkaure is severely damaged.
Menkaure hits you!
You die...

.................# #...##......
..................####...##......
.....................#...##....##
...####..............#...##....#
...# ... #........#.........#
#...............####
#...............#
####..>............#
......M@..########## ....o..s###
....o.... .......... ....####...
.##. .... . ..... # ..###.


You could see Menkaure, 2 orcs and a giant cockroach.

Vanquished Creatures
  3 scorpions (D:4)
  A centaur skeleton (D:4)
  3 gnolls (D:4)
  5 adders
  2 oozes
  2 worms (D:3)
  3 dart slugs
  4 orcs (D:4)
  2 ball pythons (D:3)
  2 giant cockroaches
  6 goblins
  6 hobgoblins
  4 jackals (D:3)
  8 kobolds
  A quokka (D:2)
  5 bats
  2 frilled lizards
  6 rats
65 creatures vanquished.

Notes
Turn   | Place    | Note
-------+----------+-------------------------------------------
     0 | D:1      | myopia the Demonspawn Berserker began the quest for the Orb.
     0 | D:1      | Reached XP level 1. HP: 18/18 MP: 1/1
    29 | D:1      | Reached skill level 3 in Maces & Flails
   295 | D:1      | Gained mutation: You are immune to rotting. [demonic ancestry]
   295 | D:1      | Reached XP level 2. HP: 23/24 MP: 2/2
   942 | D:1      | Reached XP level 3. HP: 22/29 MP: 3/3
  1111 | D:2      | Reached ** piety under Trog
  1133 | D:2      | Reached skill level 4 in Maces & Flails
  1342 | D:2      | Noticed Robin
  1361 | D:3      | Found a radiant altar of Vehumet.
  1369 | D:3      | Gained mutation: When hurt, damage is shared between your health and your magic reserves. [demonic ancestry]
  1369 | D:3      | Reached XP level 4. HP: 35/35 MP: 4/4
  1735 | D:3      | Found a snail-covered altar of Cheibriados.
  1802 | D:3      | Found an ancient bone altar of Kikubaaqudgha.
  2141 | D:4      | Reached skill level 5 in Maces & Flails
  2173 | D:4      | Found a sparkling altar of Nemelex Xobeh.
  2184 | D:4      | Reached XP level 5. HP: 41/41 MP: 3/5
  2270 | D:4      | Reached skill level 6 in Maces & Flails
  2548 | D:4      | Reached *** piety under Trog
  2560 | D:4      | Reached XP level 6. HP: 15/47 MP: 2/6
  2644 | D:4      | Noticed Menkaure
  2651 | D:4      | Slain by Menkaure

Skill      XL: |  1  2  3  4  5 |
---------------+----------------+-----
Maces & Flails | 3 4 5 6 |  6.3
Fighting       | |  3.0
Armour         | |  1.7
Dodging        | |  1.7

Action                   |  1- 3 |  4- 6 || total
-------------------------+-------+-------++-------
Melee: Mace              |   101 |   105 ||   206
Invok: Berserk           |     5 |     7 ||    12
 Stab: Sleeping          |     1 |       ||     1
  Eat: Chunk             |     5 |     8 ||    13
       Ration            |       |     1 ||     1
Armor: Animal skin       |    18 |    31 ||    49
Dodge: Dodged            |    64 |    88 ||   152
